 Dungeon Crawl Stone Soup version 0.30-a0-21-g5d08c37080 (webtiles) character file.

Game seed: 8320071335095419807

3170 Plasmagod the Carver (level 9, -5/68 HPs)
             Began as a Demonspawn Gladiator on Aug 24, 2022.
             Was a Believer of Ashenzari.
             Slain by a seven-headed hydra (7 damage)
             ... on level 8 of the Dungeon.
             The game lasted 00:15:56 (6839 turns).

Plasmagod the Carver (Demonspawn Gladiator)         Turns: 6839, Time: 00:15:56

Health: -5/68      AC: 17    Str: 27    XL:     9   Next: 63%
Magic:  0/9        EV: 11    Int:  4    God:    Ashenzari [**....]
Gold:   379        SH:  4    Dex: 19    Spells: 8/8 levels left

rFire   . . .      SeeInvis +    j - +9 great sword "Manifest Omen" {vorpal, rElec Will+ Int-5, Evo, Melee} (curse)
rCold   . . .      Faith    .    (shield currently unavailable)
rNeg    . . .      Spirit   +    G - +0 chain mail
rPois   .          Reflect  .    c - +0 helmet "Shackled Submission" {Evo, Fort} (curse)
rElec   +          Harm     .    (no cloak)
rCorr   .          Rampage  .    (no gloves)
Will    +....                    n - +2 pair of boots of Panopticon {Cun, Self} (curse)
Stlth   ..........               y - amulet of guardian spirit
HPRegen 0.21/turn                B - +6 ring of strength
MPRegen 0.11/turn                D - +6 ring of strength

@: about to teleport
A: yellow scales 2, powered by death 2, condensation shield
a: Renounce Religion, Curse Item, Shatter the Chains


You were on level 8 of the Dungeon.
You worshipped Ashenzari.
Ashenzari was pleased with you.
You visited 1 branch of the dungeon, and saw 8 of its levels.
You also visited: Sewer.

You collected 379 gold pieces.

Inventory:

Hand Weapons
 a - a +0 long sword
 j - the cursed +9 great sword "Manifest Omen" (weapon) {vorpal, rElec Will+ Int-5, Evo, Melee}
   (You acquired it in a sewer)

   It inflicts extra damage upon your enemies.
   Int:       It affects your intelligence (-5).
   rElec:     It insulates you from electricity.
   Will:      It increases your willpower.
   It has a curse which improves the following skills: Evocations: Evocations.
   Melee Combat: Short Blades, Long Blades, Axes, Maces & Flails, Polearms,
   Staves and Unarmed Combat.
Missiles
 d - 4 throwing nets
 e - 5 javelins (quivered)
Armour
 c - the cursed +0 helmet "Shackled Submission" (worn) {Evo, Fort}

   It has a curse which improves the following skills: Evocations: Evocations.
   Fortitude: Armour and Shields.
 n - the cursed +2 pair of boots of Panopticon (worn) {Cun, Self}
   (You found it on level 2 of the Dungeon)

   It has a curse which improves the following skills: Cunning: Dodging and
   Stealth.
   Introspection: Fighting and Spellcasting.
 G - a +0 chain mail (worn)
Jewellery
 y - an amulet of guardian spirit (around neck)
 B - a +6 ring of strength (left hand)
 D - a +6 ring of strength (right hand)
Wands
 A - a wand of digging (4)
 E - a wand of flame (23)
Scrolls
 h - a scroll of enchant armour
 k - 2 scrolls of teleportation
 o - 2 scrolls of fog
 p - 3 scrolls of magic mapping
 x - a scroll of silence
 C - a scroll of acquirement
Potions
 f - 2 potions of brilliance
 i - a potion of attraction
 l - 3 potions of magic
 m - 5 potions of heal wounds
 q - 2 potions of haste
 s - a potion of lignification
 t - a potion of flight
 u - 2 potions of ambrosia
 v - a potion of invisibility
 w - a potion of mutation
 z - 3 potions of curing
 F - 3 potions of might


   Skills:
 + Level 4.0(5.1) Fighting
 * Level 9.8(11.0) Long Blades
 - Level 1.7 Throwing
 + Level 3.3(4.4) Armour
 + Level 4.1(5.3) Dodging
 + Level 3.2(4.3) Stealth
 + Level 3.1(4.2) Shields
 + Level 3.5(5.2) Evocations


You had 8 spell levels left.
You didn't know any spells.
Your spell library contained the following spells:

 Spells                   Type           Power      Damage    Failure   Level
 Magic Dart               Conj           0%         1d3       97%         1
 Slow                     Hex            0%         N/A       97%         1
 Call Imp                 Summ           0%         N/A       99%         2
 Ensorcelled Hibernation  Hex/Ice        0%         N/A       99%         2
 Confusing Touch          Hex            0%         N/A       100%        3
 Frozen Ramparts          Ice            0%         1d1       100%        3
 Mephitic Cloud           Conj/Pois/Air  0%         N/A       100%        3
 Ozocubu's Armour         Ice            0%         N/A       100%        3
 Spider Form              Tmut/Pois      0%         N/A       100%        3
 Summon Guardian Golem    Hex/Summ       0%         N/A       100%        3
 Vampiric Draining        Necr           0%         2d6       100%        3
 Anguish                  Hex/Necr       0%         N/A       100%        4
 Ice Form                 Ice/Tmut       0%         N/A       100%        4
 Summon Ice Beast         Ice/Summ       0%         N/A       100%        4
 Orb of Destruction       Conj           0%         9d5       100%        7
 Ozocubu's Refrigeration  Ice            0%         4d7       100%        7
 Spellforged Servitor     Conj/Summ      0%         N/A       100%        7


Dungeon Overview and Level Annotations

Branches:
Dungeon (8/15)             Temple (0/1) D:6           Sewer (visited)
   Lair: D:8-11

Altars:
Ashenzari
Kikubaaqudgha
Makhleb
Ru
Trog
Vehumet


Innate Abilities, Weirdness & Mutations

You are mostly covered in yellow scales. (AC +3)
You regenerate health from kills.
A meltable shield of frost defends you. (SH +4)


Message History

You block the seven-headed hydra's attack.
The seven-headed hydra misses you.
Okay, then.
You feel much better.
The seven-headed hydra bites you but does no damage. x2
The seven-headed hydra barely misses you.
The seven-headed hydra closely misses you.
The seven-headed hydra bites you but does no damage.
You block the seven-headed hydra's attack.
The seven-headed hydra bites you but does no damage.
As you read the scroll of teleportation, it crumbles to dust.
You feel strangely unstable. The seven-headed hydra bites you.
The seven-headed hydra bites you but does no damage. x3
The seven-headed hydra bites you.
The seven-headed hydra barely misses you.
The seven-headed hydra bites you!
The seven-headed hydra attacks as you move away!
The seven-headed hydra bites you.
The seven-headed hydra barely misses you.
The seven-headed hydra completely misses you.
The seven-headed hydra barely misses you.
The seven-headed hydra bites you but does no damage.
The seven-headed hydra bites you. x2
* * * LOW HITPOINT WARNING * * *
The seven-headed hydra attacks as you move away!
The seven-headed hydra bites you but does no damage.
The seven-headed hydra bites you!
* * * LOW HITPOINT WARNING * * *
The seven-headed hydra barely misses you.
The seven-headed hydra bites you.
* * * LOW HITPOINT WARNING * * *
The seven-headed hydra bites you but does no damage.
You block the seven-headed hydra's attack.
The seven-headed hydra bites you but does no damage.
The seven-headed hydra attacks as you move away!
The seven-headed hydra barely misses you.
The seven-headed hydra bites you!
* * * LOW HITPOINT WARNING * * *
The seven-headed hydra bites you!
You die...

# #..)#.....##.".###### * #
#,##..#.....##.o#~≈≈≈≈≈ **
#...##..<...####..≈######
...........####.#≈#...
#.#.##...........#≈#..# * .
............######≈#..###..
,............# #≈#.5...,
#.#####.##########≈#D{. *
*, , #....@D..)..)#'##### *
#....#######≈.5....#~ *, *
*####.# #~......# * #(#
#≈......#* *, #.# #~####..#
*, * #.# #~#, * .# , ,,,
*#.# #≈#, ,# * *#.# #≈# , *
* * , #.# #≈ ,


You could see a seven-headed hydra.

Vanquished Creatures
  A steam dragon (D:7)
  An acid dragon (D:7)
  A water moccasin (D:5)
  An orc warrior (D:7)
  A black bear (D:5)
  2 ice beasts (D:7)
  A sky beast (D:8)
  A centaur (D:8)
  4 kobold brigands
  Blork the orc (D:5)
  2 bullfrogs
  A scorpion (D:6)
  2 necrophages
  14 wights
  A crimson imp (D:3)
  4 hounds
  A jelly (D:5)
  2 orc priests
  Jessica (D:3)
  8 orc wizards
  Natasha (thrice) (D:3)
  Robin (D:2)
  10 river rats
  10 adders
  A shadow imp (D:5)
  3 white imps
  2 worms
  3 dart slugs
  31 orcs
  11 ball pythons
  6 endoplasms
  A giant cockroach (D:3)
  19 goblins
  9 hobgoblins
  6 jackals
  4 quokkas
  5 bats
  4 frilled lizards
  19 kobolds
  30 rats
228 creatures vanquished.

Notes
Turn   | Place    | Note
-------+----------+-------------------------------------------
     0 | D:1      | Plasmagod the Demonspawn Gladiator began the quest for the
                  | Orb.
     0 | D:1      | Reached XP level 1. HP: 16/16 MP: 1/1
   107 | D:1      | Reached skill level 3 in Long Blades
   207 | D:1      | Gained mutation: You are partially covered in yellow
                  | scales. (AC +2) [demonic ancestry]
   207 | D:1      | Reached XP level 2. HP: 22/22 MP: 2/2
   695 | D:1      | Gained mutation: You are mostly covered in yellow scales.
                  | (AC +3) [demonic ancestry]
   695 | D:1      | Reached XP level 3. HP: 18/27 MP: 3/3
  1201 | D:2      | Reached skill level 4 in Long Blades
  1250 | D:2      | Found a bloodstained altar of Trog.
  1459 | D:2      | Noticed Robin
  1491 | D:2      | HP: 1/27 [goblin/+0 dagger of flaming[Robin] (1)]
  1495 | D:2      | Gained mutation: You regenerate a little health from kills.
                  | [demonic ancestry]
  1495 | D:2      | Reached XP level 4. HP: 33/33 MP: 4/4
  1504 | D:2      | Killed Robin
  1970 | D:3      | Noticed Natasha
  1975 | D:3      | Killed Natasha
  1976 | D:3      | Reached skill level 5 in Long Blades
  1987 | D:3      | Noticed Natasha
  1995 | D:3      | Killed Natasha
  1996 | D:3      | Gained mutation: A meltable shield of frost defends you.
                  | (SH +4) [demonic ancestry]
  1996 | D:3      | Reached XP level 5. HP: 30/38 MP: 5/5
  2034 | D:3      | Found a glowing drain.
  2044 | Sewer    | Entered a sewer
  2098 | Sewer    | Reached skill level 6 in Long Blades
  2106 | Sewer    | Reached XP level 6. HP: 30/44 MP: 6/6
  2248 | Sewer    | HP: 2/44 [river rat (1)]
  2249 | Sewer    | Identified a scroll of acquirement
  2249 | Sewer    | Acquired the +9 great sword of Integrity {vorpal, rElec
                  | Will+ Int-5}
  2574 | Sewer    | Reached skill level 7 in Long Blades
  2733 | Sewer    | Reached XP level 7. HP: 36/50 MP: 7/7
  3096 | D:3      | Found an ancient bone altar of Kikubaaqudgha.
  3096 | D:3      | Found a broken altar of Ashenzari.
  3103 | D:3      | Became a worshipper of Ashenzari the Shackled
  3210 | D:3      | Found a radiant altar of Vehumet.
  3210 | D:3      | Noticed Jessica
  3211 | D:3      | Found a burning altar of Makhleb.
  3216 | D:3      | Killed Jessica
  3249 | D:3      | Noticed Natasha
  3263 | D:3      | Killed Natasha
  3347 | D:3      | Found a sacrificial altar of Ru.
  3709 | D:4      | Reached skill level 8 in Long Blades
  3915 | D:4      | Reached * piety under Ashenzari
  3915 | D:4      | Reached ** piety under Ashenzari
  4595 | D:5      | Entered Level 5 of the Dungeon
  4657 | D:5      | Reached skill level 1 in Armour
  4657 | D:5      | Reached skill level 1 in Shields
  4657 | D:5      | Reached skill level 1 in Evocations
  4677 | D:5      | Reached XP level 8. HP: 58/58 MP: 8/8
  4685 | D:5      | Noticed Blork the orc
  4692 | D:5      | Killed Blork the orc
  5248 | D:5      | Reached skill level 1 in Stealth
  5548 | D:6      | Found a staircase to the Ecumenical Temple.
  6123 | D:7      | Reached skill level 9 in Long Blades
  6188 | D:7      | Gained mutation: You regenerate health from kills. [demonic
                  | ancestry]
  6188 | D:7      | Reached XP level 9. HP: 58/65 MP: 7/9
  6825 | D:8      | Noticed a seven-headed hydra
  6839 | D:8      | HP: 2/68 [seven-headed hydra (10)]
  6839 | D:8      | Slain by a seven-headed hydra

Illustrated notes

Levels and vault maps discovered:
D:1:      evilmike_arrival_plus, layout_basic
D:2:      layout_basic, basic_altar, uniq_robin
D:3:      layout_rooms, grunt_temple_overflow_lords_of_destruction,
          nicolae_ru_the_path_less_chosen, nicolae_overflow_two_pavilions,
          portal_sewer_entry_a, uniq_jessica, uniq_natasha
D:4:      layout_layer_cave, hangedman_decor_points
D:5:      layout_layer_cave, uniq_blork_the_orc
D:6:      layout_gridville, minmay_temple_entry_ruins
D:7:      layout_rooms
D:8:      cheibrodos_ideogram_h, layout_loops_ring,
          nicolae_overflow_quartered_altars, chequers_jeans,
          grunt_decor_fettered, uniq_erica, uniq_maurice, uniq_gastronok

Skill      XL: |  1  2  3  4  5  6  7  8  9 |
---------------+----------------------------+-----
Long Blades    | 3 4 5 6 7 8 9 |  9.8
Armour         | 1 2 3 |  3.3
Shields        | 1 2 3 |  3.1
Evocations     | 1 2 3 |  3.5
Stealth        | 2 3 |  3.2
Dodging        | 3 4 |  4.1
Fighting       | 3 4 |  4.0
Throwing       | |  1.7

Action                   |  1- 3 |  4- 6 |  7- 9 || total
-------------------------+-------+-------+-------++-------
Melee: Long sword        |   132 |   128 |       ||   260
       Punch             |       |     2 |       ||     2
       Great sword       |       |    87 |   232 ||   319
Throw: Javelin           |       |       |     3 ||     3
Invok: Curse Item        |       |       |     3 ||     3
Evoke: Wand              |       |       |     1 ||     1
  Use: Potion            |     3 |     1 |     2 ||     6
       Scroll            |       |     2 |     2 ||     4
 Stab: Sleeping          |       |       |     4 ||     4
       Distracted        |       |       |     1 ||     1
Armor: Leather armour    |    73 |   147 |    86 ||   306
       Chain mail        |       |       |    27 ||    27
Dodge: Dodged            |   119 |   191 |   150 ||   460
Block: Other             |       |    58 |    35 ||    93

Table legend: (Time is in decaauts)
 A = Elapsed time spent in this place.
 B = Non-inter-level travel time spent in this place.
 C = Inter-level travel time spent in this place.
 D = Time resting spent in this place.
 E = Time spent auto-exploring this place.
 F = Levels seen in this place.
 G = Mean time per level.
                   A        B        C        D        E       F      G
               +--------+--------+--------+--------+--------+-----+--------+
         Total |   6985 |   6852 |    133 |      0 |   5462 |   9 |  776.1 |
       Dungeon |   5900 |   5767 |    133 |      0 |   4669 |   8 |  737.5 |
         Sewer |   1084 |   1084 |      0 |      0 |    792 |   1 | 1084.0 |
               +--------+--------+--------+--------+--------+-----+--------+

Top non-repeatable levels by time:
     D:4: 1235 daAuts
     D:1: 1087 daAuts
   Sewer: 1084 daAuts
     D:5: 905 daAuts
     D:2: 762 daAuts
     D:7: 646 daAuts
     D:6: 579 daAuts
     D:3: 559 daAuts
     D:8: 125 daAuts
